Map: Newkirk Precinct TE (Void)

Players

uThermal - Winner!

  • Race: Terran Terran
  • Spawn Location: 7:00

PiLiPiLi

  • Race: Protoss Protoss
  • Spawn Location: 5:00

Event: IEM XI Katowice - World Championship 2017

VOD

Have the link to the VOD?

Description

Time

  • Played on: Feb. 27, 2017, 10:48 a.m.
  • Length: 12:56

All games in this series

Show
View Real Time Build Order
Export as new Build Order

uThermal Terran - Winner!

Build Orders: Reaper Expand, MMM Bio 

Get SALT Encoding   

  12  0:01  SCV  
  13  0:13  SCV  
  14  0:18  Supply Depot  
  14  0:25  SCV  
  15  0:29  Refinery  
  15  0:40  SCV  
  16  0:45  Barracks  
  16  0:52  SCV  
  17  1:04  SCV  
  18  1:16  SCV  
  19  1:33  Reaper, Orbital Command  
  20  1:45  Command Center  
  20  1:56  Factory  
  20  1:59  SCV  
  21  2:05  Barracks Reactor  
  21  2:11  SCV  
  21  2:15  Supply Depot  
  22  2:19  Refinery  
  22  2:24  SCV  
  24  2:37  SCV  
  24  2:42  Marine x2, Starport  
  26  2:48  Widow Mine  
  26  2:49  SCV  
  29  2:59  Marine  
  29  3:00  Marine, Orbital Command  
  29  3:02  SCV  
  31  3:17  Marine x2  
  33  3:26  SCV  
  33  3:28  SCV  
  34  3:37  Widow Mine, Medivac  
  34  3:38  SCV  
  34  3:40  SCV  
  40  3:42  Marine  
  40  3:44  Marine  
  40  3:47  Supply Depot  
  42  3:51  SCV  
  42  3:52  SCV  
  44  3:58  Barracks  
  44  4:03  SCV  
  44  4:07  Factory Tech Lab  
  44  4:08  Starport Tech Lab  
  45  4:10  Marine x2  
  45  4:12  SCV  
  45  4:15  SCV  
  49  4:18  Supply Depot  
  49  4:24  SCV  
  49  4:27  SCV  
  48  4:36  SCV  
  49  4:39  Marine x2, Siege Tank, SCV  
  55  4:48  SCV  
  57  4:52  SCV  
  57  5:00  Supply Depot, SCV  
  57  5:01  Barracks  
  57  5:03  Engineering Bay  
  57  5:05  SCV  
  59  5:09  Marine, Stimpack  
  59  5:16  Siege Tank  
  59  5:20  Marine  
  62  5:22  Marine, Supply Depot  
  62  5:25  SCV  
  64  5:29  Starport Reactor  
  64  5:33  Missile Turret  
  62  5:36  Missile Turret  
  62  5:37  SCV x2  
  64  5:44  Refinery  
  64  5:47  Marine, Refinery  
  64  5:48  Marine  
  64  5:49  SCV  
  68  5:57  SCV  
  68  6:00  Supply Depot  
  68  6:01  SCV  
  68  6:02  Combat Shields  
  68  6:03  Marauder  
  71  6:05  Factory Reactor  
  71  6:07  Marine x2, Marauder  
  71  6:10  Supply Depot  
  75  6:13  Supply Depot  
  75  6:14  SCV  
  75  6:18  Medivac  
  76  6:22  Medivac  
  78  6:25  Marine x2  
  78  6:27  Marauder  
  78  6:30  Marauder  
  83  6:34  SCV x2  
  83  6:36  Supply Depot, Terran Infantry Weapons Level 1  
  85  6:43  Marine x2, Widow Mine x2  
  91  6:49  Marauder  
  91  6:51  Marauder  
  95  6:56  Supply Depot  
  95  6:57  Medivac  
  97  7:04  Marine x2, Medivac  
  97  7:07  Supply Depot  
  101  7:12  Concussive Shells, Marauder  
  105  7:19  Supply Depot  
  104  7:26  Marine x2  
  104  7:31  Medivac  
  104  7:34  Medivac  
  108  7:38  Command Center  
  108  7:40  Marauder x2  
  111  7:45  Widow Mine x2  
  115  7:53  Marine x2, Supply Depot  
  115  7:55  SCV  
  118  7:58  SCV  
  118  8:01  Marine x2  
  121  8:06  Missile Turret  
  121  8:13  Barracks  
  121  8:15  SCV x2, Barracks  
  121  8:17  Widow Mine  
  123  8:23  Widow Mine  
  125  8:27  SCV  
  125  8:29  Marine, SCV  
  125  8:30  Marauder  
  125  8:32  Marine  
  121  8:48  Widow Mine  
  115  8:49  Medivac  
  115  8:50  Marine x2  
  115  8:51  Widow Mine, Marauder x2  
  115  8:54  Medivac  
  98  9:02  Marine  
  98  9:05  Barracks Tech Lab  
  98  9:08  Marine x2  
  98  9:11  Marine  
  98  9:13  Marauder  
  98  9:14  SCV  
  98  9:16  Orbital Command  
  96  9:19  SCV, Medivac  
  96  9:21  Widow Mine  
  101  9:25  Terran Infantry Armor Level 1  
  101  9:26  SCV  
  101  9:29  Marine  
  104  9:31  SCV  
  104  9:33  Marine  
  104  9:37  Barracks Reactor  
  105  9:39  Marine x2, Marauder  
  105  9:42  SCV  
  105  9:44  Medivac  
  112  9:49  Medivac  
  112  9:50  Marine, SCV  
  112  9:51  Marine  
  116  9:54  SCV  
  116  9:57  Marauder x2  
  121  10:03  SCV  
  121  10:06  SCV  
  121  10:07  Marine  
  112  10:08  Marine  
  112  10:09  Marine, SCV  
  112  10:13  Marine  
  106  10:16  Marine  
  106  10:18  Marauder  
  106  10:19  Widow Mine x2, Marauder  
  115  10:25  Marine, Marauder  
  115  10:27  Marine  
  114  10:31  Marine  
  114  10:34  Marine  
  104  10:39  Marine  
  104  10:40  Marauder  
  99  10:43  Marine  
  99  10:44  Marine  
  99  10:46  Marine  
  99  10:47  Widow Mine  
  99  10:49  Marine  
  91  10:52  Marine  
  91  10:54  SCV  
  93  10:57  Marine  
  93  10:58  SCV  
  93  11:01  Marine  
  93  11:02  Marine  
  93  11:03  Marine  
  98  11:04  Marine  
  98  11:07  SCV  
  100  11:12  Marine  
  100  11:13  Marine  
  100  11:18  Armory  
  102  11:20  SCV  
  102  11:21  SCV  
  102  11:23  Marine  
  102  11:24  Marine, Marauder  
  106  11:27  SCV  
  106  11:30  Widow Mine  
  109  11:33  Marine, Marauder  
  109  11:34  Marine  
  109  11:37  Widow Mine  
  109  11:39  Marine  
  108  11:58  Widow Mine  
  108  11:59  Marine, Marauder  
  108  12:01  SCV x2  
  106  12:07  Marine  
  106  12:08  Marauder  
  103  12:12  Marine x2, Marauder  
  102  12:17  Marine  
  102  12:20  Marine  
  102  12:25  Marine  
  102  12:29  Marine x2  
  104  12:34  Marine x2, Marauder  
Show
View Real Time Build Order
Export as new Build Order

PiLiPiLi Protoss 

Build Orders: Oracle Opening, Phoenix Opening 

Get SALT Encoding   

  12  0:00  Probe (Chrono Boost)  
  13  0:11  Probe (Chrono Boost)  
  14  0:18  Pylon  
  14  0:22  Probe (Chrono Boost)  
  15  0:36  Probe (Chrono Boost)  
  15  0:37  Gateway  
  16  0:43  Assimilator  
  16  0:47  Probe (Chrono Boost)  
  17  0:51  Assimilator  
  17  0:58  Probe (Chrono Boost)  
  18  1:08  Probe (Chrono Boost)  
  19  1:19  Probe (Chrono Boost)  
  19  1:24  Cybernetics Core  
  20  1:26  Pylon  
  20  1:29  Probe (Chrono Boost)  
  22  1:40  Probe (Chrono Boost)  
  22  1:50  Probe (Chrono Boost)  
  23  1:54  Nexus  
  25  2:01  Mothership Core (Chrono Boost)  
  25  2:05  Adept  
  25  2:07  Warp Gate  
  27  2:17  Pylon  
  28  2:23  Probe (Chrono Boost)  
  28  2:28  Adept  
  28  2:36  Probe (Chrono Boost)  
  31  2:40  Stargate  
  31  2:52  Adept, Probe (Chrono Boost)  
  33  3:04  Probe (Chrono Boost)  
  34  3:08  Probe (Chrono Boost)  
  35  3:20  Oracle  
  35  3:25  Probe (Chrono Boost)  
  35  3:26  Probe (Chrono Boost)  
  40  3:32  Gateway  
  40  3:33  Gateway  
  40  3:37  Probe x2 (Chrono Boost)  
  40  3:44  Pylon  
  40  3:50  Probe (Chrono Boost)  
  40  3:51  Probe (Chrono Boost)  
  40  3:52  Pylon  
  40  3:53  Phoenix  
  42  4:01  Probe (Chrono Boost)  
  45  4:05  Probe (Chrono Boost)  
  46  4:11  Probe (Chrono Boost)  
  46  4:12  Adept  
  50  4:17  Probe (Chrono Boost)  
  50  4:22  Probe (Chrono Boost)  
  51  4:29  Probe (Chrono Boost)  
  52  4:32  Probe (Chrono Boost)  
  52  4:34  Nexus  
  53  4:41  Probe (Chrono Boost)  
  53  4:43  Probe (Chrono Boost)  
  53  4:45  Adept  
  55  4:52  Phoenix  
  56  4:53  Probe x2 (Chrono Boost)  
  58  5:04  Probe (Chrono Boost)  
  58  5:05  Probe (Chrono Boost)  
  59  5:14  Probe (Chrono Boost)  
  59  5:17  Assimilator  
  59  5:18  Probe (Chrono Boost)  
  61  5:22  Assimilator  
  61  5:25  Probe (Chrono Boost)  
  61  5:27  Adept x2, Forge  
  66  5:29  Twilight Council, Adept  
  66  5:30  Probe (Chrono Boost)  
  68  5:36  Probe (Chrono Boost)  
  68  5:42  Probe (Chrono Boost)  
  70  5:44  Phoenix  
  70  5:45  Protoss Ground Weapons Level 1  
  70  5:46  Probe (Chrono Boost)  
  70  5:47  Probe (Chrono Boost)  
  74  5:54  Pylon, Probe (Chrono Boost)  
  74  5:56  Resonating Glaives  
  73  5:57  Probe x2 (Chrono Boost)  
  73  6:03  Robotics Facility  
  74  6:06  Phoenix, Probe (Chrono Boost)  
  78  6:12  Probe (Chrono Boost)  
  78  6:13  Probe (Chrono Boost)  
  80  6:18  Probe (Chrono Boost)  
  80  6:20  Adept x2  
  80  6:23  Adept  
  80  6:24  Probe (Chrono Boost)  
  80  6:25  Probe (Chrono Boost)  
  88  6:28  Phoenix  
  88  6:30  Probe (Chrono Boost)  
  91  6:37  Probe x2 (Chrono Boost)  
  93  6:45  Pylon  
  93  6:48  Gateway x2  
  93  6:51  Pylon  
  93  6:55  Gateway  
  93  7:03  Adept x3  
  93  7:04  Probe (Chrono Boost), Immortal  
  93  7:07  Pylon  
  100  7:12  Pylon  
  104  7:16  Pylon  
  104  7:22  Phoenix  
  104  7:25  Adept x3  
  104  7:27  Gateway  
  112  7:30  Gateway  
  112  7:31  Protoss Ground Armor Level 1  
  112  7:41  Observer  
  113  7:47  Adept x4, Phoenix  
  113  7:48  Adept  
  125  7:53  Assimilator  
  125  7:57  Gateway  
  125  7:59  Gateway  
  125  8:00  Pylon  
  125  8:04  Pylon  
  125  8:05  Pylon  
  125  8:12  Pylon  
  125  8:13  Warp Prism  
  127  8:23  Adept x5  
  115  8:49  Adept x4  
  115  8:55  Pylon  
  109  8:57  Mothership Core (Chrono Boost)  
  109  9:01  Adept x2  
  93  9:06  Pylon  
  93  9:08  Probe (Chrono Boost)  
  90  9:10  Pylon  
  90  9:12  Adept  
  90  9:13  Adept x5  
  100  9:18  Observer  
  101  9:28  Adept x2  
  105  9:31  Phoenix  
  105  9:36  Adept x2  
  105  9:37  Adept x2  
  115  9:53  Phoenix  
  115  10:00  Adept x5  
  115  10:01  Adept x3  
  83  10:22  Adept  
  83  10:23  Adept x7  
  91  10:35  Adept x2  
  79  10:39  Probe (Chrono Boost)  
  79  10:40  Probe (Chrono Boost)  
  61  10:50  Probe (Chrono Boost)  
  61  10:52  Probe x2 (Chrono Boost)  
  55  11:09  Adept  
  55  11:10  Adept x3  
  63  11:25  Adept x4  
  64  11:29  Adept  
  72  11:36  Adept x2  
  74  11:50  Adept x3  
  74  11:59  Adept x3  
  66  12:05  Adept x2  
  60  12:13  Sentry x4  
  57  12:26  Observer  
  56  12:39  Adept  
  56  12:40  Adept x3  
  62  12:46  Stalker x2  
  62  12:47  Stalker  

Tags
 
Add a new tag
Caveats
  • Supply blocks, unpowered buildings, or Contaminate may cause inaccurate times.
  • Supply counts are checked every 10 seconds.